 Dungeon Crawl Stone Soup version 0.27-a0-46-g34d46f0a3f (webtiles) character file.

Game seed: 17223592667795257380

63 Anias the Covert (level 4, 0/31 HPs)
             Began as an Octopode Delver on Jan 6, 2021.
             Succumbed to a worker ant's poison
             ... on level 5 of the Dungeon.
             The game lasted 00:00:31 (45 turns).

Anias the Covert (Octopode Delver)                    Turns: 45, Time: 00:00:32

Health: 0/31       AC:  1    Str: 11    XL:     4   Next: 9%
Magic:  4/4        EV: 13    Int: 12    God:
Gold:   0          SH:  0    Dex: 14    Spells: 3/3 levels left

rFire    . . .     SeeInvis .   a - +0 falchion
rCold    . . .     Faith    .   (no shield)
rNeg     . . .     Spirit   .   (helmet restricted)
rPois    .         Reflect  .   (no amulet)
rElec    .         Harm     .   (no ring)
rCorr    .         Rampage  .   (no ring)
Will     .....                  (no ring)
Stlth    +++++.....             (no ring)
HPRegen  0.10/turn              (no ring)
MPRegen  0.09/turn              (no ring)
                                (no ring)
                                (no ring)

@: lethally poisoned (0 -> -5), attractive, hasted, very quick
A: almost no armour, stealthy swim, amphibious, 8 rings, constrict 8, camouflage
1, gelatinous body 1
a: no special abilities


You were on level 5 of the Dungeon.
You visited 1 branch of the dungeon, and saw 1 of its levels.

Inventory:

Hand Weapons
 a - a +0 falchion (weapon)
Wands
 f - a wand of digging (3)
Scrolls
 b - a scroll of fog
 c - a scroll of magic mapping
 d - a scroll of fear


   Skills:
 + Level 3.3 Fighting
 + Level 2.1 Long Blades
 + Level 2.1 Dodging
 + Level 8.1 Stealth


You had 3 spell levels left.
You didn't know any spells.
Your spell library was empty.

Dungeon Overview and Level Annotations

Branches:
Dungeon (5/15)
 Temple: D:4-7

Altars:


Innate Abilities, Weirdness & Mutations

You cannot wear most types of armour.
You are very stealthy in the water. (Stealth+)
You are amphibious.
You can wear up to eight rings at the same time.
You can use your tentacles to constrict eight enemies at once.
Your skin changes colour to match your surroundings (Stealth+).
Your rubbery body absorbs attacks. (AC +1, EV +1)


Message History

Your Stealth skill increases to level 8!
You have reached level 4!
There is a lethal amount of poison in your body!
Things that are here:
a worker ant corpse; a howler monkey corpse It was a potion of attraction.
You feel attractive to monsters.
* * * LOW HITPOINT WARNING * * *
You feel sick.
* * * LOW HITPOINT WARNING * * *
You feel sick.
Found a stone staircase leading down.
A frilled lizard comes into view.
The frilled lizard is pulled toward you!
The frilled lizard is pulled toward you!
Found 9 gold pieces.
The frilled lizard hisses angrily.
You hit the frilled lizard.
You kill the frilled lizard!
You die...

. ### 8. #.# ##> #.#
#######†#####
##.#........############
.................>......
####..#.##########..####
#.##.# ##..# ... #@#
##.# ##..$.!.# #..#
##.##..# ##.# # #[.# ..
.... ### ..... .....
.......


There were no monsters in sight!

Vanquished Creatures
  A howler monkey (D:5)
  A worker ant (D:5)
  A frilled lizard (D:5)
3 creatures vanquished.

Notes
Turn   | Place    | Note
-------+----------+-------------------------------------------
     0 | D:5      | Anias the Octopode Delver began the quest for the Orb.
     0 | D:5      | Reached XP level 1. HP: 16/16 MP: 1/1
     5 | D:5      | Noticed a worker ant
    24 | D:5      | Noticed a howler monkey
    31 | D:5      | Killed a howler monkey
    32 | D:5      | Reached skill level 7 in Stealth
    32 | D:5      | Reached XP level 2. HP: 11/21 MP: 2/2
    32 | D:5      | Reached XP level 3. HP: 13/26 MP: 3/3
    38 | D:5      | Reached skill level 8 in Stealth
    38 | D:5      | Reached XP level 4. HP: 2/31 MP: 4/4
    39 | D:5      | HP: 1/31 [poisoned by a worker ant]
    45 | D:5      | Succumbed to a worker ant's poison

Illustrated notes

Levels and vault maps discovered:
D:5:      layout_rooms, nicolae_overflow_hidden_temple, grunt_dithmenos_shadows

Skill      XL: |  1  2  3 |
---------------+----------+-----
Stealth        | 7 8 |  8.1
Fighting       | |  3.3
Long Blades    | |  2.1
Dodging        | |  2.1

Action                   |  1- 3 |  4- 6 || total
-------------------------+-------+-------++-------
Melee: Falchion          |     9 |     1 ||    10
       Constrict         |     2 |       ||     2
       Tentacles         |     2 |       ||     2
  Use: Potion            |     1 |     1 ||     2
Dodge: Dodged            |     4 |       ||     4
       Rpst.: Falchion   |     2 |       ||     2

Table legend: (Time is in decaauts)
 A = Elapsed time spent in this place.
 B = Non-inter-level travel time spent in this place.
 C = Inter-level travel time spent in this place.
 D = Time resting spent in this place.
 E = Time spent auto-exploring this place.
 F = Levels seen in this place.
 G = Mean time per level.
                   A        B        C        D        E       F      G
               +--------+--------+--------+--------+--------+-----+--------+
         Total |     41 |     41 |      0 |      0 |      0 |   1 |   41.0 |
       Dungeon |     41 |     41 |      0 |      0 |      0 |   1 |   41.0 |
               +--------+--------+--------+--------+--------+-----+--------+

Top non-repeatable levels by time:
     D:5: 41 daAuts
